[Event "Vezerkepzo FM Christmas 2023"]
[Site "Budapest"]
[Date "2024.01.02"]
[Round "8.2"]
[White "Manukonda Arun"]
[Black "Sagar Siya"]
[Result "1/2-1/2"]
[ECO "C77"]
[WhiteElo "2085"]
[BlackElo "1537"]
[Annotator "RC"]
[PlyCount "396"]
[EventDate "2023.12.25"]
[EventType "tourn"]
[EventCountry "HUN"]
[SourceTitle "playchess.com"]
[Source "ChessBase"]
[SourceQuality "1"]
[TimeControl "40/5400+30:1800+30"]

1. e4 e5 2. Nf3 Nc6 3. Bb5 a6 4. Ba4 Nf6 5. d3 b5 6. Bb3 Be7 7. a4 Bb7 8. Nc3 b4 9. Nd5 Nxd5 10. Bxd5 d6 11. O-O a5 12. d4 Bf6 13. c3 O-O 14. dxe5 dxe5 15. cxb4 axb4 16. Bd2 Rb8 17. a5 Nxa5 18. Bxb4 Bxd5 19. Bxf8 Nb3 20. Ra4 Bc6 21. Qxd8 Rxd8 22. Rb4 Kxf8 23. Rxb3 Bxe4 24. Re3 Bd3 25. Rd1 e4 26. Ne1 Bd4 27. Rh3 Be2 28. Rc1 Bg4 29. Rxh7 Kg8 30. Rh4 f5 31. Rxg4 fxg4 32. Rxc7 Bxb2 33. Kf1 Rd2 34. Nc2 Rd1+ 35. Ke2 Rh1 36. Ne3 Rxh2 37. g3 Rh6 38. Re7 Ra6 39. Rxe4 Kf7 40. Rf4+ Rf6 41. Rxg4 Re6 42. Rb4 Bf6 43. Rb7+ Re7 44. Rb4 Re6 45. Kf1 Be5 46. Nd5 Rd6 47. Rb7+ Kg8 48. Ne7+ Kh7 49. Rb5 Re6 50. Nf5 Bf6 51. Kg2 Re5 52. Rxe5 Bxe5 53. Kf3 Kg6 54. Ke4 Bc3 55. Ne7+ Kf7 56. Nd5 Be1 57. Ke3 Ke6 58. Nf4+ Kf5 59. Ng2 Bc3 60. f3 Bb2 61. Nh4+ Kg5 62. Ke4 Bc3 63. Ng2 Bd2 64. Ne3 Bc3 65. f4+ Kg6 66. g4 Bf6 67. Nc4 Bc3 68. Ne5+ Kf6 69. g5+ Ke6 70. f5+ Ke7 71. Kd5 Bd2 72. g6 Kf6 73. Ke4 Bc3 74. Nd3 Ba1 75. Nc5 Bb2 76. Nd3 Bc3 77. Nf4 Bb2 78. Nh5+ Kg5 79. Nf4 Kf6 80. Nd5+ Kg5 81. Nb4 Kf6 82. Nd3 Bc3 83. Kf4 Bd2+ 84. Kg4 Bc3 85. Nf4 Bb2 86. Ne6 Be5 87. Nf8 Bb2 88. Nh7+ Ke7 89. Kf4 Bc1+ 90. Kg4 Bb2 91. Ng5 Kf6 92. Ne4+ Ke5 93. Ng3 Kf6 94. Nh5+ Ke7 95. Kf4 Bc3 96. Ke4 Ba1 97. Kd5 Bb2 98. Kc4 Be5 99. Kb3 Bd4 100. Kc2 Be5 101. Kd3 Bb2 102. Ke3 Bc1+ 103. Ke4 Bb2 104. Ng3 Kf6 105. Ne2 Ba1 106. Nc1 Bb2 107. Nd3 Bc3 108. Nc5 Bb2 109. Na4 Be5 110. Nb6 Bb2 111. Kf4 Bc1+ 112. Kg4 Bb2 113. Nd5+ Ke5 114. Nb4 Kf6 115. Kf4 Bc1+ 116. Ke4 Bb2 117. Nd5+ Kg5 118. Ne3 Kf6 119. Nc4 Bc3 120. Kf4 Bd4 121. Nd2 Bb2 122. Ne4+ Ke7 123. f6+ Bxf6 124. Kf5 Bb2 125. Nc5 Bc3 126. Ne6 Bf6 127. Nf4 Bb2 128. Nd5+ Kf8 129. Ke6 Ke8 130. Nc7+ Kf8 131. Kd7 Bf6 132. Ne6+ Kg8 133. Ke8 Bh4 134. Nd4 Bg5 135. Kd7 Bf6 136. Nf3 Kf8 137. Nd2 Bg5 138. Ne4 Bh4 139. Ke6 Be1 140. Ng5 Bd2 141. Nf3 Bc3 142. Kd7 Bf6 143. Kd6 Bc3 144. Ng5 Bd2 145. Ne6+ Kg8 146. Ke7 Bb4+ 147. Ke8 Bc3 148. Nd8 Bf6 149. Nc6 Bh4 150. Kd7 Kf8 151. Nd4 Bf6 152. Nf5 Bg5 153. Ke6 Bf6 154. Ng3 Bb2 155. Nh5 Bc3 156. Kd7 Be5 157. Kd8 Bh2 158. Kd7 Be5 159. Ke6 Bc7 160. Kf5 Ba5 161. Nf4 Bc3 162. Ne6+ Ke7 163. Nc7 Bb2 164. Nd5+ Kf8 165. Nb6 Bc3 166. Ke6 Bb2 167. Nd7+ Ke8 168. Nc5 Kf8 169. Kd7 Bf6 170. Ne6+ Kg8 171. Ke8 Bh4 172. Nf4 Bg5 173. Ng2 Bf6 174. Ne1 Bh4 175. Nf3 Bf6 176. Nh2 Bh4 177. Ng4 Bg5 178. Ne5 Bf6 179. Nf7 Bh4 180. Kd7 Kf8 181. Ke6 Bf6 182. Nd6 Bc3 183. Ne4 Bb2 184. Nc5 Bc3 185. Kf5 Ke7 186. Ne6 Bf6 187. Nc7 Bb2 188. Kg5 Be5 189. Nd5+ Ke6 190. Ne3 Bb2 191. Kh5 Bc1 192. Nd1 Kf5 193. Nf2 Bd2 194. Nd3 Be3 195. Nb4 Bd4 196. Nc6 Bc3 197. Ne7+ Ke6 198. Ng8 Bd2 1/2-1/2

[Event "Vezerkepzo FM Christmas 2023"]
[Site "Budapest"]
[Date "2024.01.02"]
[Round "8.3"]
[White "Varga, Csaba Zoltan"]
[Black "Kozma, Edit"]
[Result "1-0"]
[ECO "A00"]
[WhiteElo "2201"]
[BlackElo "1754"]
[Annotator "RC"]
[PlyCount "71"]
[EventDate "2023.12.25"]
[EventType "tourn"]
[EventCountry "HUN"]
[SourceTitle "playchess.com"]
[Source "ChessBase"]
[SourceQuality "1"]
[TimeControl "40/5400+30:1800+30"]

1. Nc3 e5 2. a3 Nf6 3. d3 d5 4. Nf3 Nc6 5. Bg5 Be7 6. e3 O-O 7. h4 Bg4 8. Be2 h6 9. Nd2 Bxe2 10. Qxe2 d4 11. Nce4 dxe3 12. fxe3 Nxe4 13. Bxe7 Qxe7 14. dxe4 Qc5 15. O-O-O Rfd8 16. Kb1 a5 17. Nb3 Rxd1+ 18. Rxd1 Qe7 19. Qg4 Rd8 20. Rd5 b6 21. Nc1 Rd6 22. Qc8+ Qd8 23. Qxd8+ Rxd8 24. Nd3 f6 25. c4 Kf7 26. Kc2 Ke8 27. h5 Ne7 28. Rb5 Nc8 29. c5 c6 30. Rb3 a4 31. Rc3 b5 32. Nb4 Ne7 33. g4 Kd7 34. Rd3+ Kc7 35. Na6+ Kc8 36. Rd6 1-0

[Event "Vezerkepzo FM Christmas 2023"]
[Site "Budapest"]
[Date "2024.01.03"]
[Round "9.1"]
[White "Anjali R. Sagar"]
[Black "Manukonda Arun"]
[Result "0-1"]
[ECO "B90"]
[WhiteElo "1559"]
[BlackElo "2085"]
[Annotator "NA"]
[PlyCount "71"]
[EventDate "2023.12.25"]
[EventType "tourn"]
[EventCountry "HUN"]
[SourceTitle "playchess.com"]
[Source "ChessBase"]
[SourceQuality "1"]
[TimeControl "40/5400+30:1800+30"]

1. e4 c5 2. Nf3 d6 3. d4 cxd4 4. Nxd4 Nf6 5. Nc3 a6 6. f3 g6 7. Be3 Bg7 8. Bc4 O-O 9. Qd2 b5 10. Bb3 e6 11. O-O-O d5 12. exd5 b4 13. Na4 Nxd5 14. Bxd5 Qxd5 15. Nb3 Qxd2+ 16. Rxd2 Nc6 17. Nbc5 Rb8 18. Rhd1 Rb5 19. Rd6 Ne7 20. Nd7 Re8 21. Ndb6 Nd5 22. Bf2 Be5 23. Nxd5 exd5 24. R6xd5 Rxd5 25. Rxd5 Bb7 26. Rd3 Bxh2 27. Nc5 Bc6 28. Kd2 Bb5 29. g3 Bxd3 30. Nxd3 a5 31. c3 bxc3+ 32. bxc3 h5 33. f4 f6 34. Ne1 h4 35. gxh4 Bxf4+ 36. Kd3 0-1

[Event "Vezerkepzo FM Christmas 2023"]
[Site "Budapest"]
[Date "2024.01.03"]
[Round "9.2"]
[White "Sagar Siya"]
[Black "Varga, Csaba Zoltan"]
[Result "1/2-1/2"]
[ECO "B17"]
[WhiteElo "1537"]
[BlackElo "2201"]
[Annotator "RC"]
[PlyCount "71"]
[EventDate "2023.12.25"]
[EventType "tourn"]
[EventCountry "HUN"]
[SourceTitle "playchess.com"]
[Source "ChessBase"]
[SourceQuality "1"]
[TimeControl "40/5400+30:1800+30"]

1. e4 c6 2. d4 d5 3. Nc3 dxe4 4. Nxe4 Nd7 5. Bc4 e6 6. Ng5 Nb6 7. Bd3 h6 8. Qh5 hxg5 9. Qxh8 Nf6 10. Bxg5 Qxd4 11. O-O-O Na4 12. Bxf6 Qxf6 13. c3 Bd7 14. Nf3 Nxc3 15. bxc3 Qxc3+ 16. Kb1 O-O-O 17. Qh4 Ba3 18. Qd4 Qa5 19. Bc4 e5 20. Qxe5 Qb4+ 21. Bb3 f6 22. Qe3 c5 23. Ka1 c4 24. Rd4 b5 25. Rhd1 Re8 26. Qd2 Bf5 27. Rd8+ Rxd8 28. Qxd8+ Kb7 29. Rd7+ Bxd7 30. Qxd7+ Kb6 31. Qd8+ Ka6 32. Qc8+ Ka5 33. Qc7+ Ka6 34. Qc6+ Ka5 35. Qc7+ Ka6 36. Qc6+ 1/2-1/2

[Event "Vezerkepzo FM Christmas 2023"]
[Site "Budapest"]
[Date "2024.01.03"]
[Round "9.3"]
[White "Kozma, Edit"]
[Black "Kahn, Evarth"]
[Result "1-0"]
[ECO "B03"]
[WhiteElo "1754"]
[BlackElo "1972"]
[Annotator "NA RC"]
[PlyCount "65"]
[EventDate "2023.12.25"]
[EventType "tourn"]
[EventCountry "HUN"]
[SourceTitle "playchess.com"]
[Source "ChessBase"]
[SourceQuality "1"]
[TimeControl "40/5400+30:1800+30"]

1. e4 Nf6 2. e5 Nd5 3. d4 d6 4. exd6 exd6 5. Nf3 Be7 6. Bc4 Nb6 7. Bb3 O-O 8. h3 Bf5 9. O-O Nc6 10. c3 Qd7 11. Bf4 Rae8 12. Nbd2 Bd3 13. Re1 Qf5 14. Be3 Na5 15. Nf1 Nxb3 16. axb3 Bc2 17. Qc1 Bxb3 18. Rxa7 Bd5 19. Ng3 Qg6 20. Ra1 Bxf3 21. gxf3 Nd5 22. Kh2 Bh4 23. Rg1 Kh8 24. Bd2 Qd3 25. c4 Qxf3 26. cxd5 Qxf2+ 27. Rg2 Bxg3+ 28. Kh1 Qf3 29. Ra3 Qxd5 30. Raxg3 Re2 31. Kh2 Rxg2+ 32. Rxg2 c6 33. Qg1 1-0